 Dungeon Crawl Stone Soup version 0.29.1-12-g30fa7ad0bf (webtiles) character file.

Game seed: 15901635660845892408

180 funkygono the Firebug (level 5, 0/35 HPs)
             Began as a Demonspawn Fire Elementalist on Jan 2, 2023.
             Slain by a bullfrog (5 damage)
             ... on level 3 of the Dungeon.
             The game lasted 00:04:14 (3058 turns).

funkygono the Firebug (DsFE)                        Turns: 3058, Time: 00:04:14

Health: 0/35       AC:  3    Str: 14    XL:     5   Next: 33%
Magic:  2/10       EV: 12    Int: 18    God:
Gold:   113        SH:  0    Dex: 14    Spells: 5/11 levels left

rFire   . . .      SeeInvis .   m - +2 dagger (drain)
rCold   . . .      Faith    .   (no shield)
rNeg    . . .      Spirit   .   a - +0 robe
rPois   .          Reflect  .   e - +0 helmet
rElec   .          Harm     .   (no cloak)
rCorr   .          Rampage  .   (no gloves)
Will    .....                   (no boots)
Stlth   ++........              (no amulet)
HPRegen 0.11/turn               g - +6 ring of strength
MPRegen 0.12/turn               (no ring)

@: no status effects
A: condensation shield, weakness stinger 2
a: no special abilities


You were on level 3 of the Dungeon.
You visited 1 branch of the dungeon, and saw 4 of its levels.

You collected 113 gold pieces.

Inventory:

Hand Weapons
 f - a +0 dagger
 m - a +2 dagger of draining (weapon)
 p - a +0 whip
Armour
 a - a +0 robe (worn)
 e - a +0 helmet (worn)
 u - an orb of wrath
Magical Staves
 r - a staff of conjuration
Jewellery
 g - a +6 ring of strength (left hand)
Wands
 o - a wand of polymorph (14)
Scrolls
 c - a scroll of vulnerability
 i - a scroll of identify
 j - 3 scrolls of teleportation
 q - a scroll of poison
Potions
 b - a potion of magic
 d - a potion of berserk rage {unknown}
 h - 2 potions of curing
 k - a potion of degeneration {unknown}
 l - a potion of ambrosia {unknown}
 s - 2 potions of attraction


   Skills:
 + Level 0.2 Short Blades
 + Level 2.0 Dodging
 - Level 1.7 Stealth
 + Level 1.2 Shields
 + Level 3.6 Spellcasting
 + Level 1.6 Conjurations
 + Level 3.9 Fire Magic


You had 5 spell levels left.
You knew the following spells:

 Your Spells              Type           Power      Damage    Failure   Level
a - Foxfire               Conj/Fire      52%        2x1d6     4%          1
b - Scorch                Fire           34%        2d6       4%          2
c - Conjure Flame         Conj/Fire      13%        6-21      14%         3

Your spell library contained the following spells:

 Spells                   Type           Power      Damage    Failure   Level
 Inner Flame              Hex/Fire       10%        N/A       21%         3
 Flame Wave               Conj/Fire      13%        2d6       43%         4
 Summon Ice Beast         Ice/Summ       3%         N/A       83%         4
 Conjure Ball Lightning   Conj/Air       3%         3x3d6     100%        6
 Starburst                Conj/Fire      6%         6d4       100%        6


Dungeon Overview and Level Annotations

Branches:
Dungeon (4/15)
 Temple: D:4-7

Altars:
Cheibriados


Innate Abilities, Weirdness & Mutations

A meltable shield of frost defends you. (SH +0)
You have a tail ending in a sharp stinger.


Message History

There is a stone staircase leading up here.
The bullfrog hits you but does no damage.
The orc barely misses you. The bullfrog hits you.
You climb upwards.
There is a stone staircase leading down here.
Casting: Foxfire (safe; 4% risk of failure)
Confirm with . or Enter, or press ? or * to list all spells.
You conjure some foxfire!
The bullfrog barely misses you. The orc hits you with a +0 war axe.
The orc closely misses your foxfire. x2
You closely miss the bullfrog.
Your tail-slap misses the bullfrog.
The foxfire hits the orc.
The orc is heavily wounded.
The foxfire hits the orc.
The orc is severely wounded.
The bullfrog hits you. The orc closely misses you.
The bullfrog barely misses you.
You hit the bullfrog.
Your tail-slap misses the bullfrog.
The bullfrog is moderately wounded.
The bullfrog barely misses you. The orc barely misses you.
You hit the bullfrog.
The bullfrog is heavily wounded.
The bullfrog closely misses you. The orc hits you with a +0 war axe.
The bullfrog hits you. The bullfrog attacks as you move away!
The bullfrog hits you but does no damage.
The orc attacks as you move away! The orc closely misses you.
The bullfrog hits you. The bullfrog attacks as you move away!
The bullfrog hits you!
* * * LOW HITPOINT WARNING * * *
The bullfrog hits you but does no damage.
The bullfrog attacks as you move away! The bullfrog barely misses you.
The bullfrog hits you but does no damage.
The bullfrog attacks as you move away!
The bullfrog hits you but does no damage.
The bullfrog hits you.
* * * LOW HITPOINT WARNING * * *
The bullfrog attacks as you move away!
The bullfrog hits you but does no damage.
The bullfrog attacks as you move away! The bullfrog hits you.
You die...

##.# #...##.#.#.# ##.## #.#
#.# ###<##.#.#.####...###.#
##.#######.##.#.#......#.....#
#.#.....[.......######...#####
##..)...[>....### ##.#########
#.#######.#### ##...รท......
##.# #.# ######...######.#
...# #.######...............#
##.# #....oF@.####...########
##.# ########## ##.## ### ...#
#.#######.. #### #......<..#
###########


You could see a bullfrog and an orc.

Vanquished Creatures
  An orc priest (D:3)
  An iguana (D:3)
  Terence (D:3)
  An orc wizard (D:4)
  3 adders
  A dart slug (D:3)
  3 orcs
  5 bats
  3 endoplasms
  A giant cockroach (D:2)
  3 goblins
  7 hobgoblins
  4 kobolds
  2 ball pythons
  4 frilled lizards
  7 rats
47 creatures vanquished.

Vanquished Creatures (others)
  163 foxfires
163 creatures vanquished.

Grand Total: 210 creatures vanquished

Notes
Turn   | Place    | Note
-------+----------+-------------------------------------------
     0 | D:1      | funkygono the Demonspawn Fire Elementalist began the quest
                  | for the Orb.
     0 | D:1      | Reached XP level 1. HP: 13/13 MP: 3/3
   156 | D:1      | Gained mutation: A meltable shield of frost defends you.
                  | (SH +0) [demonic ancestry]
   156 | D:1      | Reached XP level 2. HP: 19/19 MP: 3/5
   342 | D:1      | Learned a level 2 spell: Scorch
   729 | D:1      | Found a faded altar of an unknown god.
   872 | D:2      | Got Sif Muna's Compilation of the Snowflakes and Striking
  1291 | D:2      | Found a snail-covered altar of Cheibriados.
  1298 | D:2      | Gained mutation: You have a small tail. [demonic ancestry]
  1298 | D:2      | Reached XP level 3. HP: 24/24 MP: 3/6
  1798 | D:3      | Noticed Terence
  1810 | D:3      | Killed Terence
  1811 | D:3      | Reached XP level 4. HP: 30/30 MP: 0/8
  2530 | D:3      | Learned a level 3 spell: Conjure Flame
  2688 | D:3      | Reached skill level 1 in Shields
  2912 | D:3      | Gained mutation: You have a tail ending in a sharp stinger.
                  | [demonic ancestry]
  2912 | D:3      | Reached XP level 5. HP: 25/35 MP: 2/10
  3058 | D:3      | Slain by a bullfrog

Illustrated notes

Levels and vault maps discovered:
D:1:      scummos_arrival_simple_crosswalls, layout_basic,
          dreamdust_ecumenical_altar_statues, feat_on_display
D:2:      layout_rooms, basic_altar, chequers_mini_garden
D:3:      layout_loops_ring, uniq_terence
D:4:      layout_cave_pools, uniq_grinder

Skill      XL: |  1  2  3  4 |
---------------+-------------+-----
Fire Magic     | 3 |  3.9
Spellcasting   | 3 |  3.6
Dodging        | 2 |  2.0
Shields        | 1 |  1.2
Short Blades   | |  0.2
Stealth        | |  1.7
Conjurations   | |  1.6

Action                   |  1- 3 |  4- 6 || total
-------------------------+-------+-------++-------
Melee: Unarmed           |     4 |       ||     4
       Dagger            |    10 |     6 ||    16
 Cast: Foxfire           |    62 |    34 ||    96
       Scorch            |     1 |     7 ||     8
  Use: Scroll            |       |     8 ||     8
Armor: Robe              |     4 |    11 ||    15
       Skin              |     9 |       ||     9
Dodge: Dodged            |     7 |    22 ||    29
Block: Other             |     1 |     2 ||     3
